 Dungeon Crawl Stone Soup version 0.28.0-53-g5a82cb258f (webtiles) character file.

Game seed: 5536630486205435204

822 nonceun the Cleaver (level 7, -4/85 HPs)
             Began as a Minotaur Berserker on July 10, 2022.
             Was a Believer of Trog.
             Slain by an ice beast (5 damage)
             ... on level 7 of the Dungeon on July 11, 2022.
             The game lasted 00:16:17 (6765 turns).

nonceun the Cleaver (Minotaur Berserker)            Turns: 6765, Time: 00:16:18

Health: -4/85      AC:  9    Str: 23    XL:     7   Next: 63%
Magic:  6/6        EV:  8    Int:  4    God:    Trog [**....]
Gold:   163        SH:  0    Dex: 10    Spells: 6/6 levels left

rFire   . . .      SeeInvis .   a - +0 hand axe
rCold   . . .      Faith    .   (no shield)
rNeg    . . .      Spirit   .   r - +0 chain mail
rPois   .          Reflect  .   (helmet restricted)
rElec   .          Harm     .   (no cloak)
rCorr   .          Rampage  .   (no gloves)
Will    ++...                   n - +0 pair of boots
Stlth   ..........              (no amulet)
HPRegen 1.24/turn               (no ring)
MPRegen 0.10/turn               (no ring)

@: berserking, strong-willed, regenerating, very quick
A: horns 2, retaliatory headbutt
a: Renounce Religion, Berserk, Trog's Hand


You were on level 7 of the Dungeon.
You worshipped Trog.
Trog was pleased with you.
You visited 1 branch of the dungeon, and saw 8 of its levels.

You collected 267 gold pieces.
You spent 104 gold pieces at shops.

Inventory:

Hand Weapons
 a - a +0 hand axe (weapon)
 o - a +0 war axe
Missiles
 h - 87 stones (quivered)
Armour
 n - a +0 pair of boots (worn)
 r - a +0 chain mail (worn)
Scrolls
 b - 2 scrolls of blinking {unknown}
 c - 2 scrolls of teleportation {unknown}
 d - 4 scrolls of identify {unknown}
 f - 2 scrolls of fear {unknown}
 i - a scroll of torment {unknown}
 l - a scroll of enchant weapon {unknown}
 m - 3 scrolls of magic mapping {unknown}
 p - a scroll of amnesia {unknown}
 s - a scroll of silence {unknown}
 t - a scroll of fog {unknown}
 v - a scroll of enchant armour {unknown}
 x - a scroll of noise {unknown}
Potions
 e - 2 potions of curing {unknown}
 g - 2 potions of heal wounds {unknown}
 j - a potion of flight {unknown}
 k - a potion of ambrosia {unknown}
 q - 2 potions of invisibility
 u - a potion of lignification {unknown}
 w - a potion of cancellation {unknown}


   Skills:
 - Level 3.6 Fighting
 + Level 10.9 Axes
 - Level 2.4 Armour
 - Level 2.1 Dodging


You had 6 spell levels left.
You didn't know any spells.
Your spell library contained the following spells:

 Spells                   Type           Power      Damage    Failure   Level
 Shock                    Conj/Air       0%         1d3       99%         1
 Gell's Gravitas          Tloc           0%         N/A       100%        3
 Lesser Beckoning         Tloc           0%         N/A       100%        3
 Swiftness                Air            0%         N/A       100%        3
 Teleport Other           Tloc           0%         N/A       100%        3
 Airstrike                Air            0%         N/A       100%        4


Dungeon Overview and Level Annotations

Branches:
Dungeon (8/15)             Temple (0/1) D:4
   Lair: D:8-11

Altars:
Qazlal

Shops:
D:3 (*[

Annotations:
D:2 1 runed translucent door, Crazy Yiuf
D:8 Grum


Innate Abilities, Weirdness & Mutations

You have a pair of horns on your head.
You reflexively headbutt those who attack you in melee.


Message History

You feel strong-willed. The wolf bites you.
* * * LOW HITPOINT WARNING * * *
The wolf bites you but does no damage. The wolf bites you.
* * * LOW HITPOINT WARNING * * *
The ice beast hits you but does no damage.
A red film seems to cover your vision as you go berserk!
You feel yourself moving faster!
You feel mighty! The wolf bites you.
* * * LOW HITPOINT WARNING * * *
The wolf bites you.
* * * LOW HITPOINT WARNING * * *
The wolf bites you.
* * * LOW HITPOINT WARNING * * *
The wolf bites you but does no damage.
The ice beast hits you but does no damage.
You barely miss the wolf. You hit the ice beast but do no damage.
You miss the wolf. The wolf bites you.
* * * LOW HITPOINT WARNING * * *
The wolf bites you.
* * * LOW HITPOINT WARNING * * *
You miss the wolf. You closely miss the ice beast. You hit the wolf.
You kill the wolf!
Trog accepts your kill. The wolf bites you.
* * * LOW HITPOINT WARNING * * *
The ice beast barely misses you.
You slash the wolf!
The wolf is moderately wounded.
You hit the ice beast. The wolf completely misses you. You furiously retaliate!
You headbutt the wolf! You miss the wolf.
The wolf is almost dead.
You slash the ice beast! You slash the ice beast!
The ice beast is severely wounded.
You barely miss the wolf. The wolf bites you but does no damage.
The ice beast hits you.
* * * LOW HITPOINT WARNING * * *
The ice beast freezes you.
You die...

........#
.?......#
........#
........#
........#
.$......#
......†h####.#.
....h).@Y..<...
.#########.#.#.


You could see an ice beast, a wolf and a howler monkey.

Vanquished Creatures
  A sky beast (D:5)
  A wolf (D:7)
  2 phantoms (D:5)
  A wyvern zombie (D:6)
  A scorpion (D:5)
  A water moccasin skeleton (D:5)
  A jelly (D:5)
  An orc priest (D:5)
  3 iguanas (D:5)
  A killer bee zombie (D:5)
  A hound skeleton (D:4)
  7 adders
  An adder skeleton (D:2)
  A worm (D:2)
  2 dart slugs
  6 orcs
  9 ball pythons
  8 endoplasms (D:1)
  5 giant cockroaches
  5 goblins
  5 hobgoblins
  14 jackals
  11 kobolds
  3 quokkas
  2 bats (D:2)
  3 frilled lizards
  5 rats
101 creatures vanquished.

Notes
Turn   | Place    | Note
-------+----------+-------------------------------------------
     0 | D:1      | nonceun the Minotaur Berserker began the quest for the Orb.
     0 | D:1      | Reached XP level 1. HP: 19/19 MP: 0/0
     2 | D:1      | Noticed a naga
     2 | D:1      | Noticed a troll
     4 | D:1      | Noticed a demonspawn
     4 | D:1      | Noticed a demigod
     6 | D:1      | Noticed a dwarf
     8 | D:1      | Noticed a draconian
     8 | D:1      | Noticed a spriggan
    10 | D:1      | Noticed a human
    12 | D:1      | Noticed a vine stalker
    12 | D:1      | Noticed a felid
    14 | D:1      | Noticed a ghoul
    17 | D:1      | Noticed a tengu
    17 | D:1      | Noticed a formicid
    19 | D:1      | Noticed an elf
    21 | D:1      | Noticed an ogre
    21 | D:1      | Noticed an octopode
    23 | D:1      | Noticed a minotaur
    23 | D:1      | Noticed a vampire
    25 | D:1      | Noticed a gargoyle
    27 | D:1      | Noticed a merfolk
    44 | D:1      | Reached skill level 4 in Axes
   375 | D:1      | Reached XP level 2. HP: 24/26 MP: 1/1
   771 | D:1      | Reached skill level 5 in Axes
   972 | D:1      | Reached XP level 3. HP: 28/31 MP: 2/2
  1399 | D:1      | Reached ** piety under Trog
  2099 | D:2      | Reached skill level 6 in Axes
  2099 | D:2      | Reached XP level 4. HP: 26/39 MP: 3/3
  2365 | D:2      | Found a stormy altar of Qazlal.
  2512 | D:2      | Found a faded altar of an unknown god.
  2584 | D:2      | Found a runed translucent door.
  2585 | D:2      | Noticed Crazy Yiuf
  2943 | D:3      | Found Cuchuid's Antique Armour Shop.
  3024 | D:3      | Found Limpikkici's General Store.
  3032 | D:3      | Bought a potion of invisibility for 104 gold pieces
  3085 | D:3      | Found Viomid's Weapon Shoppe.
  3739 | D:4      | Found a staircase to the Ecumenical Temple.
  4027 | D:4      | Reached skill level 7 in Axes
  4027 | D:4      | Reached XP level 5. HP: 38/45 MP: 4/4
  4715 | D:5      | Entered Level 5 of the Dungeon
  5072 | D:5      | Noticed a phantom
  5079 | D:5      | Killed a phantom
  5080 | D:5      | Reached skill level 8 in Axes
  5080 | D:5      | Reached XP level 6. HP: 32/51 MP: 5/5
  5439 | D:5      | Noticed a sky beast
  5489 | D:5      | Killed a sky beast
  5490 | D:5      | Reached skill level 9 in Axes
  5812 | D:5      | Reached XP level 7. HP: 57/57 MP: 6/6
  5957 | D:5      | Reached skill level 10 in Axes
  6747 | D:6      | You fall into a shaft and drop 2 floors!
  6747 | D:8      | Noticed Grum
  6762 | D:7      | HP: 1/85 [wolf[Grum] (4)]
  6765 | D:7      | Slain by an ice beast

Illustrated notes

Levels and vault maps discovered:
D:1:      kb_arrival_jail, layout_basic, minmay_tromino_v4_c
D:2:      layout_loops_ring, basic_altar, basic_ecumenical_altar,
          uniq_crazy_yiuf_cottage
D:3:      layout_loops_ring, serial_shops, shop, shop, shop, st_stairs_3
D:4:      layout_basic, minmay_temple_entry_junction_2, grunt_decor_clamped,
          minmay_goblin_kobold_house
D:5:      layout_gridville
D:6:      layout_basic
D:7:      layout_basic, roderic_batcave, minmay_manual_monstrance
D:8:      layout_layer_cave, nicolae_overflow_crystal_walls,
          david_lair_shrubbed, uniq_grum, uniq_maggie

Skill      XL: |  1  2  3  4  5  6  7 |
---------------+----------------------+-----
Axes           | 4 5 6 7 8 9 10 | 10.9
Fighting       | |  3.6
Armour         | |  2.4
Dodging        | |  2.1

Action                   |  1- 3 |  4- 6 |  7- 9 || total
-------------------------+-------+-------+-------++-------
Melee: Hand axe          |   105 |   162 |    40 ||   307
       Headbutt          |    15 |    35 |     6 ||    56
       Punch             |     1 |       |       ||     1
Invok: Trog's Hand       |       |     2 |     1 ||     3
       Berserk           |       |     1 |     1 ||     2
 Stab: Sleeping          |     2 |       |       ||     2
Armor: Ring mail         |    14 |    16 |       ||    30
       Animal skin       |     2 |       |       ||     2
       Chain mail        |       |    35 |    18 ||    53
Dodge: Dodged            |    40 |    58 |    14 ||   112
